 Dungeon Crawl Stone Soup version 0.16-a0-4088-g7c8221e (webtiles) character file.

6831 PolkaDot the Spear-Bearer (level 11, 0/78 HPs)
             Began as an Octopode Gladiator on Feb 23, 2015.
             Was an Elder of Okawaru.
             Slain by an unseen horror (1 damage)
             ... on level 9 of the Dungeon.
             The game lasted 00:24:57 (13265 turns).

PolkaDot the Spear-Bearer (Octopode Gladiator)     Turns: 13265, Time: 00:24:57

Health: 0/78       AC:  1    Str: 14    XL:     11   Next: 5%
Magic:  11/11      EV: 18    Int: 12    God:    Okawaru [****..]
Gold:   389        SH:  0    Dex: 15    Spells: 0 memorised, 10 levels left

rFire  . . .     SeeInvis .     F - +3 halberd (drain)
rCold  . . .     Clarity  +     (no shield)
rNeg   + . .     SustAb   .     c - +0 hat
rPois  .         Gourm    .     p - amulet of clarity
rElec  .         Spirit   .     i - ring of positive energy
rCorr  .         Warding  .     (no ring)
rMut   .         Stasis   .     (no ring)
MR     .....                    (no ring)
Stlth  ++........               (no ring)
                                (no ring)
                                (no ring)
                                (no ring)

@: very slightly contaminated, not resistant to hostile enchantments, unstealthy
A: almost no armour, amphibious, 8 rings, constrict 8, camouflage 1, breathe
flames 1, mutation resistance 1, gelatinous body 1
a: Heroism, Renounce Religion, Breathe Fire


You were on level 9 of the Dungeon.
You worshipped Okawaru.
Okawaru was greatly pleased with you.
You were not hungry.

You visited 2 branches of the dungeon, and saw 10 of its levels.
You also visited: Ossuary.

You collected 389 gold pieces.

Inventory:

Hand weapons
 F - a +3 halberd of draining (weapon)
Missiles
 d - 3 throwing nets (quivered)
 m - 2 javelins of penetration
Armour
 c - a +0 hat (worn)
Jewellery
 e - an uncursed amulet of warding
 i - a ring of positive energy (left tentacle)
 p - an amulet of clarity (around mantle)
Magical devices
 r - a wand of frost (26)
 t - a wand of cold (5)
 G - a wand of paralysis (4)
 H - a wand of enslavement (12)
Scrolls
 j - a scroll of noise
 l - 3 scrolls of remove curse
 n - a scroll of immolation
 o - 3 scrolls of recharging
 y - 2 scrolls of fear
 A - a scroll of amnesia {unknown}
 J - 2 scrolls of magic mapping {unknown}
Potions
 g - 2 potions of flight
 k - 2 potions of brilliance
 s - 4 potions of restore abilities
 v - a potion of resistance
Books
 x - a Grand Grimoire {highlevel, unknown}

   This book is beyond your current level of understanding.

   Spells                             Type                      Level
   a - Aura of Abjuration             Summoning                    6
   b - Summon Greater Demon           Summoning                    7
   c - Malign Gateway                 Summoning/Translocation      7
   d - Summon Horrible Things         Summoning                    8
 E - an Akashic Record {highlevel, unknown}

   This book is beyond your current level of understanding.

   Spells                             Type                      Level
   a - Dispersal                      Translocation                6
   b - Controlled Blink               Translocation                7
   c - Malign Gateway                 Summoning/Translocation      7
   d - Disjunction                    Translocation                8
   e - Singularity                    Translocation                9
Comestibles
 a - 2 chunks of flesh
 b - a royal jelly
 f - a bread ration
 h - 2 meat rations
 z - 2 beef jerkies


   Skills:
 + Level 8.5 Fighting
 * Level 11.8 Polearms
 - Level 2.0 Throwing
 + Level 9.0 Dodging


You had 10 spell levels left.
You didn't know any spells.

Dungeon Overview and Level Annotations

Branches:
Dungeon (9/15)             Temple (1/1) D:4
   Lair: D:8-11         Orc: D:9-12

Altars:
Ashenzari
Cheibriados
Dithmenos
Elyvilon
Fedhas
Gozag
Kikubaaqudgha
Makhleb
Nemelex Xobeh
Okawaru
Qazlal
Ru
Sif Muna
Trog
Vehumet
Xom
Yredelemnul
Zin
The Shining One

Shops:
D:4 =


Innate Abilities, Weirdness & Mutations

You cannot wear most types of armour.
You are amphibious.
You can wear up to eight rings at the same time.
You can use your tentacles to constrict many enemies at once.
Your skin changes colour to match your surroundings (Stealth).
Your rubbery body absorbs attacks (AC +1).
You can breathe flames.
You are somewhat resistant to further mutation.


Message History

As you read the scroll of fog, it crumbles to dust.
The scroll dissolves into smoke.
Something hits you.
* * * LOW HITPOINT WARNING * * *
Something hits you.
* * * LOW HITPOINT WARNING * * *
Something hits you.
* * * LOW HITPOINT WARNING * * *
Something hits you.
* * * LOW HITPOINT WARNING * * *
Drink which item? (? for menu, Esc to quit)
Okay, then.
Read which item? (? for menu, Esc to quit)
Blink to where?
Press: ? - help, Dir - move target cursor You are very lightly contaminated with residual magic.
As you read the scroll of blinking, it crumbles to dust.
Something hits you!
* * * LOW HITPOINT WARNING * * *
Something hits you.
You die...

................. ..........
##...§..........# #### ##...†..
#..{§§.........# ..... +.#####
#.§§§§.........# ..... .#....
#..§§§.........# ... #.#....
#..######......##'########.#....
#..# #..................#....
#..# #Y.................#.###
##..# #......@...........#.#..
....# #......<.....).....#.#..
###.# ♣♣♣♣♣♣♣........(...#.#..
#.. ♣♣.#.....(...#.#.. .
♣.#.#######.#.#.. . ♣
♣...........^.... ###..♣
♣.♣.#.#.....#.#.#.. .....♣
.♣.#.#.....#.#>+.. .....♣
..#.##+##+#.#.#+#


You could see a sky beast (sleeping).

Vanquished Creatures
  Erolcha (D:8)
  The ghost of ciphuk the Cudgeler, an average OgHu (D:3)
  4 yaks (D:9)
  A wyvern (D:8)
  A deep elf mage (D:8)
  Eustachio (D:8)
  A hungry ghost (D:8)
  2 hippogriffs
  2 orc warriors
  3 ice beasts
  3 phantoms
  10 ogres
  A sky beast (D:7)
  2 centaurs
  A big kobold (D:9)
  An elf zombie (D:5)
  Blork the orc (D:8)
  3 giant frogs
  4 scorpions
  A wyvern skeleton (D:8)
  5 killer bees (D:9)
  7 wights
  3 crimson imps
  2 jellies
  A centaur zombie (D:5)
  2 goliath beetles
  Crazy Yiuf (D:5)
  2 giant frog skeletons (D:4)
  A human zombie (D:5)
  5 orc priests
  7 hounds
  7 orc wizards
  2 human skeletons (D:5)
  3 centaur skeletons
  7 worker ants
  A hound zombie (D:7)
  A hound skeleton (D:7)
  3 mummies (Ossuary)
  8 adders
  A giant mite (D:4)
  3 worms
  An ufetubus (D:8)
  An adder zombie (Ossuary)
  4 giant geckos
  An ooze (D:4)
  29 orcs
  A bat zombie (D:6)
  7 giant cockroaches
  2 gnoll zombies (Ossuary)
  16 hobgoblins
  10 jackals
  15 kobolds
  2 quokkas
  13 bats
  A giant gecko skeleton (D:8)
  9 giant newts
  19 goblins
  A goblin zombie (Ossuary)
  5 hobgoblin zombies (Ossuary)
  5 kobold zombies (Ossuary)
  2 orc skeletons (D:5)
  2 quokka skeletons
  2 quokka zombies (Ossuary)
  11 rats
  2 rat zombies (Ossuary)
  2 ballistomycetes (D:8)
279 creatures vanquished.

Vanquished Creatures (others)
  A crimson imp (D:8)
  A giant spore (D:8)
2 creatures vanquished.

Grand Total: 281 creatures vanquished

Notes
Turn   | Place    | Note
--------------------------------------------------------------
     0 | D:1      | PolkaDot, the Octopode Gladiator, began the quest for the Orb.
     0 | D:1      | Reached XP level 1. HP: 14/14 MP: 1/1
   491 | D:1      | Reached XP level 2. HP: 12/19 MP: 2/2
  1118 | D:1      | Reached XP level 3. HP: 16/25 MP: 3/3
  1825 | D:2      | Found a bloodstained altar of Trog.
  1960 | D:2      | Found a deep blue altar of Sif Muna.
  2472 | D:3      | Noticed a centaur
  2482 | D:3      | Killed a centaur
  2482 | D:3      | Reached skill level 4 in Polearms
  2482 | D:3      | Reached XP level 4. HP: 4/31 MP: 4/4
  2482 | D:3      | Reached XP level 5. HP: 4/36 MP: 5/5
  2820 | D:3      | Noticed ciphuk's ghost (average OgHu)
  2860 | D:3      | Killed ciphuk's ghost
  2860 | D:3      | Reached skill level 5 in Polearms
  2860 | D:3      | Reached XP level 6. HP: 28/42 MP: 6/6
  4104 | D:4      | Found Hiojunk's Jewellery Emporium.
  4209 | D:4      | Found an ancient bone altar of Kikubaaqudgha.
  4212 | D:4      | Found a blossoming altar of Fedhas.
  4221 | D:4      | Reached XP level 7. HP: 42/47 MP: 7/7
  4665 | D:4      | Found a staircase to the Ecumenical Temple.
  4677 | Temple   | Entered the Ecumenical Temple
  4933 | Temple   | Became a worshipper of Warmaster Okawaru
  4991 | D:4      | Found a shimmering altar of Xom.
  5043 | D:4      | Reached skill level 6 in Polearms
  5350 | D:4      | Reached skill level 5 in Dodging
  5440 | D:4      | Found a shattered altar of Ashenzari.
  5578 | D:5      | Entered Level 5 of the Dungeon
  5578 | D:5      | Found a sparkling altar of Nemelex Xobeh.
  5948 | D:5      | Reached XP level 8. HP: 42/54 MP: 8/8
  6051 | D:5      | Acquired Okawaru's first power
  6051 | D:5      | Reached skill level 7 in Polearms
  6173 | D:5      | Found a sand-covered staircase.
  6178 | Ossuary  | Entered an ossuary
  6469 | D:5      | Reached skill level 5 in Fighting
  7583 | D:5      | Noticed Crazy Yiuf
  7591 | D:5      | Killed Crazy Yiuf
  7696 | D:6      | Reached skill level 8 in Polearms
  7946 | D:6      | Got an ichor-stained flail
  7949 | D:6      | Identified the +5 flail of Nottayhups {holy, -Cast rF- Str+9} (You found it on level 6 of the Dungeon)
  8081 | D:6      | Reached XP level 9. HP: 43/62 MP: 7/9
  8101 | D:6      | Found a glowing silver altar of Zin.
  8416 | D:6      | Found a stormy altar of Qazlal.
  8678 | D:6      | Reached skill level 9 in Polearms
  8780 | D:6      | Found a glowing silver altar of Zin.
  8780 | D:6      | Found a white marble altar of Elyvilon.
  8780 | D:6      | Found a glowing golden altar of the Shining One.
  8856 | D:6      | Found a shadowy altar of Dithmenos.
  9398 | D:7      | HP: 3/63 [ice beast (11)]
  9897 | D:7      | Found a burning altar of Makhleb.
 10027 | D:7      | Gained mutation: You can breathe flames. [mutagenic meat]
 10029 | D:7      | Gained mutation: You are somewhat resistant to further mutation. [mutagenic meat]
 10312 | D:8      | Reached skill level 10 in Polearms
 10319 | D:8      | Noticed Erolcha
 10614 | D:8      | Reached XP level 10. HP: 71/71 MP: 10/10
 10623 | D:8      | Noticed Blork the orc
 10630 | D:8      | Killed Blork the orc
 11137 | D:8      | Killed Erolcha
 11495 | D:8      | Reached skill level 11 in Polearms
 11763 | D:8      | Noticed Eustachio
 11775 | D:8      | Killed Eustachio
 12604 | D:9      | Received a gift from Okawaru
 12957 | D:9      | Reached XP level 11. HP: 76/78 MP: 11/11
 13264 | D:9      | HP: 1/78 [something (10)]
 13265 | D:9      | Slain by an unseen horror

Action                   |  1- 3 |  4- 6 |  7- 9 | 10-12 || total
-------------------------+-------+-------+-------+-------++-------
Melee: Trident           |    94 |   124 |   313 |       ||   531
       Halberd           |       |       |   119 |   234 ||   353
Invok: Heroism           |       |       |     3 |       ||     3
 Abil: Breathe Fire      |       |       |     1 |       ||     1
  Use: Potion            |       |     7 |    10 |     5 ||    22
       Scroll            |       |     5 |     8 |    10 ||    23
 Stab: Sleeping          |     4 |     2 |    21 |     4 ||    31
       Distracted        |       |       |     1 |       ||     1
  Eat: Chunk             |     4 |     2 |    16 |     2 ||    24
       Bread ration      |       |     1 |     1 |     2 ||     4
       Fruit             |       |       |     4 |     2 ||     6
